cohdb
Replays
Latest Replays
All Replays
Popular Replays
Top Player Replays
Match Explorer
How It Works
Community
CoH3 Stats
Reddit
Sign in to upload your games and track your stats! →
Sign in with Steam
Match 44738696
Unlisted
Match 44738696
Overview
Messages
Build Orders
End
Engineer Squad
Construct Weapon Support Center
M1919 Machine Gun Team
Selects Heavy Weapons
Selects Heavy Weapons
Selects Heavy Weapons
M1919 Machine Gun Team
Bazooka Squad
Air Support Center
Construct Medical Station
M3 Armored Personnel Carrier
Selects Assault Carriers
Grasshopper Recon Run
Engineer Squad
M3 Assault Carrier
Grasshopper Recon Run
Construct Motor Pool
M8 Greyhound Armored Car
M24 Chaffee Light Tank
Selects M2HB .50cal Heavy Machine Gun
Selects Gallant Stand
Grasshopper Recon Run
P-47 Dive Bomb
Double Sortie
Grasshopper Recon Run
Construct Barracks
Riflemen Squad
Riflemen Squad
M1918 Browning Automatic Rifles
Grasshopper Recon Run
M24 Chaffee Light Tank
Grenade Package
Grasshopper Recon Run
M24 Chaffee Light Tank
Selects Exchangeable Parts
Grasshopper Recon Run
Riflemen Squad
Grasshopper Recon Run
P-47 Dive Bomb
M24 Chaffee Light Tank
Grasshopper Recon Run
Riflemen Squad
P-47 Strafing Run
Grasshopper Recon Run
Riflemen Squad
Selects M26 Pershing Heavy Tank
Grasshopper Recon Run
Grasshopper Recon Run
P-47 Strafing Run
JT
只出曲线
Arwootarch
BazookaJoe
0
0
Comments
sign in to comment!
No comments posted yet!